 Dungeon Crawl Stone Soup version 0.22-a0-348-gd16d139 (webtiles) character file.

29 BaronVonScrub the Grave Robber (level 3, -6/24 HPs)
             Began as a Demonspawn Necromancer on Apr 7, 2018.
             Mangled by a worm (7 damage)
             ... on level 2 of the Dungeon.
             The game lasted 00:06:34 (1280 turns).

BaronVonScrub the Grave Robber (DsNe)               Turns: 1280, Time: 00:06:35

Health: -6/24      AC:  2    Str:  8    XL:     3   Next: 1%
Magic:  0/6        EV: 12    Int: 22    God:
Gold:   157        SH:  0    Dex: 13    Spells: 4/6 levels left

rFire    . . .     SeeInvis .   f - +2 dagger (pain)
rCold    . . .     Gourm    .   (no shield)
rNeg     . . .     Faith    .   a - +0 robe
rPois    .         Spirit   +   (helmet restricted)
rElec    .         Reflect  .   (no cloak)
rCorr    .         Harm     .   (no gloves)
MR       .....                  (no boots)
Stlth    ++........             (no amulet)
HPRegen  0.08/turn              (no ring)
MPRegen  0.10/turn              (no ring)

@: brilliant, very slightly contaminated
A: antennae 1, magic shield
a: no special abilities


You were on level 2 of the Dungeon.
You were not hungry.

You visited 1 branch of the dungeon, and saw 2 of its levels.

You collected 157 gold pieces.

Inventory:

Hand Weapons
 b - a +0 whip
 f - a +2 dagger of pain (weapon)
 g - a +0 dagger
Armour
 a - a +0 robe (worn)
Comestibles
 c - a ration


   Skills:
 + Level 1.8 Dodging
 + Level 2.0 Stealth
 + Level 2.3 Spellcasting
 + Level 5.1 Necromancy


You had 4 spell levels left.
You knew the following spells:

 Your Spells              Type           Power        Failure   Level  Hunger
a - Pain                  Necr           ####         1%          1    None
b - Animate Skeleton      Necr           N/A          1%          1    None


Dungeon Overview and Level Annotations

Branches:
Dungeon (2/15)

Altars:


Innate Abilities, Weirdness & Mutations

You have a pair of small antennae on your head.
When hurt, damage is shared between your health and your magic reserves.


Message History

You feel monstrous as your demonic heritage exerts itself.
Your demonic ancestry asserts itself...
A pair of antennae grows on your head!
You hit the worm.
The worm is lightly wounded.
The worm bites you!
* * * LOW HITPOINT WARNING * * *
You barely miss the worm.
The worm is lightly wounded.
The worm bites you.
* * * LOW HITPOINT WARNING * * *
It was a potion of brilliance.
You feel clever all of a sudden.
Casting: Pain (safe; 1% risk of failure)
Confirm with . or Enter, or press ? or * to list all spells.
Aiming: Pain (safe; 1% risk of failure)
Press: ? - help, Shift-Dir - straight line, f - worm
Aim: a worm (lightly wounded, chance to defeat MR: 89%)
The worm writhes in agony!
The worm bites you!
You die...

#.# .# ..###.#
......####
#../.....#
#..[.....#
#........#
####.w.....>#
#....@......#
....##..†.....#
. ..........#
###........#
###.......
######.


You could see a worm.

Vanquished Creatures
  A worm (D:2)
  3 bats (D:1)
  A giant cockroach (D:1)
  2 hobgoblins (D:1)
  2 kobolds (D:1)
  4 frilled lizards (D:1)
  6 goblins (D:1)
  3 rats (D:1)
  A fungus (D:1)
23 creatures vanquished.

Vanquished Creatures (collateral kills)
  A dart slug (D:1)
  A goblin (D:1)
  A rat (D:1)
3 creatures vanquished.

Grand Total: 26 creatures vanquished

Notes
Turn   | Place    | Note
-------+----------+-------------------------------------------
     0 | D:1      | BaronVonScrub the Demonspawn Necromancer began the quest for the Orb.
     0 | D:1      | Reached XP level 1. HP: 13/13 MP: 3/3
    42 | D:1      | Learned a level 1 spell: Animate Skeleton
   387 | D:1      | Gained mutation: When hurt, damage is shared between your health and your magic reserves. [demonic ancestry]
   387 | D:1      | Reached XP level 2. HP: 19/19 MP: 1/5
  1010 | D:1      | Reached skill level 5 in Necromancy
  1276 | D:2      | Gained mutation: You have a pair of small antennae on your head. [demonic ancestry]
  1276 | D:2      | Reached XP level 3. HP: 14/24 MP: 0/6
  1280 | D:2      | Mangled by a worm

Vault maps used:
D:1:      minmay_arrival_cross, minmay_gold_behind_fungi, minivault_11,
          serial_bayou_pond_a
D:2:      first_ration, minmay_pentomino_q4

Skill      XL: |  1  2 |
---------------+-------+-----
Stealth        | 2 |  2.0
Necromancy     | 5 |  5.1
Dodging        | |  1.8
Spellcasting   | |  2.3

Action                   || total
-------------------------++-------
Melee: Whip              ||    11
       Dagger            ||    39
 Cast: Pain              ||    36
       Animate Skeleton  ||    14
  Use: Scroll            ||     2
       Potion            ||     2
  Eat: Chunk             ||     2
Armor: Robe              ||     8
Dodge: Dodged            ||    13

Table legend:
 A = Spawn XP
 B = Non-spawn XP
 C = Spawn XP percentage of total XP
 D = Spawn monster count
 E = Non-spawn monster count
 F = Spawn count percentage of total count
 G = Total turns spent on level
                    A         B        C        D         E        F      G
               +---------+---------+-------+---------+---------+-------+---------
         Total |       0 |      42 |   0.0 |       0 |      25 |   0.0 |  1280
               +---------+---------+-------+---------+---------+-------+---------
           D:1 |       0 |      37 |   0.0 |       0 |      24 |   0.0 |  1268
           D:2 |       0 |       5 |   0.0 |       0 |       1 |   0.0 |    12
               +---------+---------+-------+---------+---------+-------+---------
